 Dungeon Crawl Stone Soup version 0.28.0 (webtiles) character file.

Game seed: 12117256556802947717

399 Armakuni the Charlatan (level 7, 0/52 HPs)
             Began as a Human Artificer on Feb 14, 2022.
             Slain by Prince Ribbit (9 damage)
             ... on level 5 of the Dungeon.
             The game lasted 00:13:59 (4730 turns).

Armakuni the Charlatan (Human Artificer)            Turns: 4730, Time: 00:14:00

Health: 0/52       AC:  8    Str: 18    XL:     7   Next: 10%
Magic:  7/7        EV: 10    Int: 18    God:
Gold:   1066       SH:  0    Dex: 14    Spells: 6/6 levels left

rFire   . . .      SeeInvis .   a - +8 rapier of Prudence {vamp, rN+ Int+5}
rCold   . . .      Faith    .   (no shield)
rNeg    + . .      Spirit   .   n - +2 scale mail {rPois}
rPois   +          Reflect  .   (no helmet)
rElec   .          Harm     .   (no cloak)
rCorr   .          Rampage  .   (no gloves)
Will    .....                   (no boots)
Stlth   ..........              (no amulet)
HPRegen 0.17/turn               V - +6 ring of strength
MPRegen 0.10/turn               (no ring)

@: no status effects
A: no striking features
a: no special abilities


You were on level 5 of the Dungeon.
You visited 2 branches of the dungeon, and saw 6 of its levels.

You collected 1330 gold pieces.
You spent 264 gold pieces at shops.

Inventory:

Hand Weapons
 a - the +8 rapier of Prudence (weapon) {vamp, rN+ Int+5}
   (You found it on level 4 of the Dungeon)

   It occasionally heals its wielder for a portion of the damage dealt when it
   wounds a living foe.
   Int:       It affects your intelligence (+5).
   rN:        It protects you from negative energy.
Missiles
 e - 2 poisoned darts
 i - 8 boomerangs (quivered)
 q - 3 javelins
Armour
 n - a +2 scale mail of poison resistance (worn)
Magical Staves
 b - a staff of air
Jewellery
 d - a ring of flight
 J - a ring of ice
 V - a +6 ring of strength (left hand)
Wands
 c - a wand of charming (13)
 p - a wand of polymorph (2)
Scrolls
 g - 4 scrolls of identify
 h - 2 scrolls of holy word
 j - 5 scrolls of teleportation
 k - 2 scrolls of blinking
 o - a scroll of fog
 s - a scroll of vulnerability
Potions
 f - a potion of curing
 l - 2 potions of flight
 m - 2 potions of mutation
Miscellaneous
 x - a piece from Xom's chessboard (14/15)


   Skills:
 - Level 3.5 Fighting
 - Level 2.9 Armour
 - Level 2.3 Dodging
 - Level 1.0 Stealth
 + Level 3.1 Air Magic
 + Level 4.5 Evocations


You had 6 spell levels left.
You didn't know any spells.
Your spell library contained the following spells:

 Spells                   Type           Power      Damage    Failure   Level
 Sandblast                Erth           0%         2d4       56%         1
 Passwall                 Tmut/Erth      0%         N/A       71%         2
 Airstrike                Air            5%         N/A       88%         4
 Stone Arrow              Conj/Erth      0%         3d7       90%         3
 Summon Lightning Spire   Summ/Air       5%         N/A       98%         4
 Lightning Bolt           Conj/Air       2%         1d14      100%        5


Dungeon Overview and Level Annotations

Branches:
Dungeon (5/15)             Temple (1/1) D:4

Altars:
Ashenzari
Dithmenos
Elyvilon
Hepliaklqana
Makhleb
Nemelex Xobeh
Okawaru
Qazlal
Sif Muna
Trog
Uskayaw
Vehumet
Wu Jian
Yredelemnul
The Shining One

Shops:
D:3 *

Annotations:
D:5 Prince Ribbit


Message History

Prince Ribbit closely misses you.
You hit Prince Ribbit.
You feel better.
Prince Ribbit is almost dead.
Prince Ribbit hits you! Prince Ribbit hits you.
You barely miss Prince Ribbit.
Prince Ribbit is almost dead.
Prince Ribbit blinks!
Prince Ribbit blinks!
Prince Ribbit blinks!
You hit Prince Ribbit.
You feel better.
Prince Ribbit is almost dead.
Prince Ribbit hits you.
Prince Ribbit hits you but does no damage.
You hit Prince Ribbit.
You feel better.
Prince Ribbit is almost dead.
Prince Ribbit hits you!
* * * LOW HITPOINT WARNING * * *
You miss Prince Ribbit.
Prince Ribbit is almost dead.
Prince Ribbit hits you.
* * * LOW HITPOINT WARNING * * *
Prince Ribbit blinks!
You feel much better.
You barely miss Prince Ribbit.
Prince Ribbit is almost dead.
Prince Ribbit hits you. Prince Ribbit hits you!
* * * LOW HITPOINT WARNING * * *
You miss Prince Ribbit.
Prince Ribbit is almost dead.
Prince Ribbit blinks!
Okay, then.
Throw: 8 boomerangs
Press: ? - help, Q - select action, (/) - cycle Shift-Dir - straight line, f - Prince Ribbit
Aim: Prince Ribbit (almost dead, 36% to hit)
You throw a boomerang. The boomerang misses Prince Ribbit.
Prince Ribbit catches a fly with his tongue.
You closely miss Prince Ribbit.
Prince Ribbit is almost dead.
Prince Ribbit hits you!
You die...

## .# ### .#
#####.#### .##
#.....##.#####
..####............#
...#..............#
#.............#..##
##.........#####..###
..........##
#.@.#.### ....##....#
##F.....#
...........#
#.........>..
....##......#
#..#...#.....
....##..##.##
#..##..# ##.. #...##.
# .....#.... .
#...... .........#..
.......
...###........ ..#..#
. ... ........


You could see Prince Ribbit.

Vanquished Creatures
  A scorpion (D:4)
  A water moccasin skeleton (D:4)
  A bullfrog skeleton (D:5)
  2 hounds
  2 orc priests (D:4)
  2 orc wizards
  2 adders
  A white imp (D:5)
  2 dart slugs
  7 bats
  5 endoplasms
  A giant cockroach (D:3)
  4 goblins
  5 hobgoblins
  7 jackals
  5 kobolds
  3 quokkas
  8 ball pythons
  3 frilled lizards
  4 rats
66 creatures vanquished.

Vanquished Creatures (collateral kills)
  A frilled lizard (D:1)
  2 rats (D:1)
3 creatures vanquished.

Grand Total: 69 creatures vanquished

Notes
Turn   | Place    | Note
-------+----------+-------------------------------------------
     0 | D:1      | Armakuni the Human Artificer began the quest for the Orb.
     0 | D:1      | Reached XP level 1. HP: 15/15 MP: 1/1
    35 | D:2      | Identified a scroll of acquirement
    35 | D:2      | Acquired 1095 gold pieces
   251 | D:1      | Reached XP level 2. HP: 18/22 MP: 2/2
   766 | D:1      | Reached XP level 3. HP: 28/28 MP: 3/3
  1105 | D:1      | Found a faded altar of an unknown god.
  1998 | D:2      | Reached XP level 4. HP: 31/35 MP: 4/4
  2401 | D:3      | Found Viofos's General Store.
  2404 | D:3      | Bought 2 scrolls of blinking for 165 gold pieces
  2404 | D:3      | Bought a scroll of fog for 22 gold pieces
  2404 | D:3      | Bought a scroll of teleportation for 33 gold pieces
  2404 | D:3      | Bought a scroll of identify for 22 gold pieces
  2404 | D:3      | Bought a scroll of identify for 22 gold pieces
  2573 | D:3      | Found a basalt altar of Yredelemnul.
  2878 | D:4      | Reached XP level 5. HP: 27/41 MP: 5/5
  3103 | D:4      | Found a staircase to the Ecumenical Temple.
  3122 | Temple   | Entered the Ecumenical Temple
  3360 | Temple   | Became a worshipper of Elyvilon the Healer
  3693 | D:4      | Identified the +8 rapier of Prudence {vamp, rN+ Int+5}
  3695 | D:4      | Fell from the grace of Elyvilon
  3749 | D:4      | Reached skill level 1 in Air Magic
  3749 | D:4      | Reached XP level 6. HP: 33/47 MP: 6/6
  3877 | D:4      | Found a burning altar of Makhleb.
  4246 | D:5      | Entered Level 5 of the Dungeon
  4306 | D:4      | Reached skill level 4 in Evocations
  4570 | D:5      | Reached XP level 7. HP: 38/52 MP: 7/7
  4706 | D:5      | Noticed Prince Ribbit
  4730 | D:5      | Slain by Prince Ribbit

Illustrated notes

Levels and vault maps discovered:
D:1:      lordsloth_arrival_two_stooges, layout_basic, basic_ecumenical_altar
D:2:      layout_loops_ring, minmay_door_square,
          nicolae_concentric_dashed_squares_mild
D:3:      layout_rooms, mainiacjoe_overflow_surrounded_room, serial_shops,
          nicolae_shop_behind_doors, minmay_misc_feat_roman
D:4:      layout_loops_corners, makhleb_heckhound_becter,
          minmay_temple_entry_slanted
D:5:      layout_cave_pools, mainiacjoe_overflow_six_doors_small,
          uniq_prince_ribbit1, uniq_menkaure
Temple:   nicolae_temple_figure_eight

Skill      XL: |  1  2  3  4  5  6  7 |
---------------+----------------------+-----
Fighting       | 2 3 |  3.5
Dodging        | 2 |  2.3
Air Magic      | 1 2 3 |  3.1
Evocations     | 4 |  4.5
Armour         | |  2.9
Stealth        | |  1.0

Action                   |  1- 3 |  4- 6 |  7- 9 || total
-------------------------+-------+-------+-------++-------
Melee: Staff             |    84 |    56 |       ||   140
       Club              |     6 |       |       ||     6
       Punch             |     2 |     3 |       ||     5
       Rapier            |       |    36 |    16 ||    52
Throw: Boomerang         |    10 |    34 |     1 ||    45
       Dart              |     8 |       |       ||     8
Invok: Renounce Religion |       |     1 |       ||     1
Evoke: Wand              |     4 |    13 |       ||    17
       Piece from Xom's  |     3 |     5 |     1 ||     9
  Use: Scroll            |     4 |     7 |     1 ||    12
       Potion            |       |       |     1 ||     1
 Stab: Sleeping          |     2 |       |       ||     2
Armor: Leather armour    |    28 |    22 |       ||    50
       Scale mail        |       |    20 |     3 ||    23
Dodge: Dodged            |    73 |    63 |     5 ||   141
